 Dungeon Crawl Stone Soup version 0.29.1-15-g9cfb28693d (webtiles) character file.

Game seed: 2714665587856456996

46 Inchmeat the Twirler (level 3, -4/22 HPs)
             Began as a Gargoyle Gladiator on Mar 7, 2023.
             Slain by a gnoll
             ... wielding a +0 flail
              (6 damage)
             ... on level 1 of the Dungeon.
             The game lasted 00:04:35 (1442 turns).

Inchmeat the Twirler (Gargoyle Gladiator)           Turns: 1442, Time: 00:04:36

Health: -4/22      AC:  7    Str: 19    XL:     3   Next: 68%
Magic:  3/3        EV: 16    Int:  8    God:
Gold:   55         SH:  0    Dex: 11    Spells: 2/2 levels left

rFire   . . .      SeeInvis .   a - +0 quarterstaff
rCold   . . .      Faith    .   (shield currently unavailable)
rNeg    + . .      Spirit   .   b - +0 leather armour
rPois   ∞          Reflect  .   c - +0 helmet
rElec   +          Harm     .   (no cloak)
rCorr   .          Rampage  .   (no gloves)
Will    .....                   (no boots)
Stlth   +.........              (no amulet)
HPRegen 0.07/turn               f - +4 ring of evasion
MPRegen 0.08/turn               (no ring)

@: no status effects
A: sickness immunity, AC +3, negative energy resistance 1, electricity
resistance, torment resistance 1, petrification resistance
a: no special abilities


You were on level 1 of the Dungeon.
You visited 1 branch of the dungeon, and saw 2 of its levels.

You collected 55 gold pieces.

Inventory:

Hand Weapons
 a - a +0 quarterstaff (weapon)
Armour
 b - a +0 leather armour (worn)
 c - a +0 helmet (worn)
Jewellery
 f - a +4 ring of evasion (left hand)
Scrolls
 i - 4 scrolls of teleportation {unknown}
 j - a scroll of noise {unknown}
 m - a scroll of magic mapping {unknown}
Potions
 g - a potion of invisibility {unknown}
 h - a potion of cancellation {unknown}
 k - 3 potions of degeneration {unknown}
 l - a potion of ambrosia {unknown}


   Skills:
 + Level 2.4 Fighting
 + Level 3.9 Staves
 + Level 1.8 Throwing
 + Level 1.6 Armour
 + Level 2.5 Dodging


You had 2 spell levels left.
You didn't know any spells.
Your spell library was empty.

Dungeon Overview and Level Annotations

Branches:
Dungeon (2/15)

Altars:


Innate Abilities, Weirdness & Mutations

You are immune to sickness and miasma.
Your stone body is resilient. (AC +3)
You are immune to poison.
You resist negative energy. (rN+)
You are resistant to electric shocks. (rElec)
You are resistant to unholy torment.
You are immune to petrification.


Message History

The worm is heavily wounded.
The worm closely misses you.
You barely miss the worm.
The worm is heavily wounded.
The worm barely misses you.
You barely miss the worm.
The worm is moderately wounded.
You hit the worm.
The worm is severely wounded.
The worm barely misses you.
You sock the worm!
You kill the worm!
You closely miss the gnoll. The gnoll completely misses you.
The gnoll hits you with a +0 flail.
You barely miss the gnoll. The gnoll closely misses you.
You barely miss the gnoll. The gnoll hits you with a +0 flail!
You are too injured to fight recklessly!
You are too injured to fight recklessly!
You are too injured to fight recklessly!
Items here: ( ))) ††.
The gnoll attacks as you move away! The gnoll misses you.
Throw: throwing net
Press: ? - help, Q - select action, (/) - cycle Shift-Dir - straight line, f - gnoll
Aim: a gnoll, wielding a +0 flail (60% to hit)
You throw a throwing net.
The throwing net barely misses the gnoll.
The gnoll completely misses you.
Throw: javelin
Press: ? - help, Q - select action Shift-Dir - straight line, f/p - gnoll
Aim: a gnoll, wielding a +0 flail (60% to hit)
You throw a javelin. The javelin barely misses the gnoll.
The gnoll hits you with a +0 flail.
* * * LOW HITPOINT WARNING * * *
The gnoll attacks as you move away! The gnoll misses you.
Things that are here:
a +0 club; a +0 club The gnoll attacks as you move away!
The gnoll closely misses you. The gnoll barely misses you.
The gnoll attacks as you move away! The gnoll hits you with a +0 flail.
You die...

#.# ####### ##.##.###. ####.##
#....# ##.....#)#. ......# #.##.#
#....###.## ####..# #.##)#
#....#..... ......# #.##.#
#..###.###. #####.# #.##.#
##.#[..# #. .## #.# #.##.#
#.###.###. ..# #.# #.##g#
#...#..... ..# #.#
#.##@#########.###.## ..# #.#
#)##.............#)#. ..# #.#
#>##.###########.#.#. #.#
#.#######†##.# #..... #.#
#........(##.###########..##.
..###.##########.................
#.##..# ##################
.....## #.#..#


You could see a gnoll.

Vanquished Creatures
  2 gnolls (D:1)
  A worm (D:1)
  3 orcs (D:1)
  4 ball pythons (D:1)
  2 endoplasms (D:1)
  2 giant cockroaches (D:1)
  A hobgoblin (D:1)
  2 goblins (D:1)
  3 kobolds (D:1)
  3 rats (D:1)
23 creatures vanquished.

Notes
Turn   | Place    | Note
-------+----------+-------------------------------------------
     0 | D:1      | Inchmeat the Gargoyle Gladiator began the quest for the
                  | Orb.
     0 | D:1      | Reached XP level 1. HP: 12/12 MP: 1/1
   511 | D:1      | Found a faded altar of an unknown god.
   514 | D:1      | Reached XP level 2. HP: 17/17 MP: 2/2
  1255 | D:1      | Reached XP level 3. HP: 15/22 MP: 3/3
  1260 | D:1      | Reached skill level 1 in Armour
  1425 | D:1      | HP: 1/22 [gnoll/+0 flail (6)]
  1442 | D:1      | Slain by a gnoll

Illustrated notes

Levels and vault maps discovered:
D:1:      dpeg_arrival_round_b, layout_loops_ring,
          hellmonk_ecumenical_altar_blasted, minmay_quantized
D:2:      layout_rooms, uniq_terence

Skill      XL: |  1  2  3 |
---------------+----------+-----
Armour         | 1 |  1.6
Fighting       | |  2.4
Staves         | |  3.9
Throwing       | |  1.8
Dodging        | |  2.5

Action                   || total
-------------------------++-------
Melee: Quarterstaff      ||    65
Throw: Throwing net      ||     4
       Javelin           ||     1
 Stab: Sleeping          ||     1
Armor: Leather armour    ||    22
Dodge: Dodged            ||    80
